 Dungeon Crawl Stone Soup version 0.21.1-35-gfefc1aa2bb (webtiles) character file.

16 Brecoman the Caller (level 2, 0/19 HPs)
             Began as a Barachi Summoner on July 31, 2018.
             Slain by a phantom (4 damage)
             ... on level 2 of the Dungeon.
             The game lasted 00:03:41 (952 turns).

Brecoman the Caller (Barachi Summoner)               Turns: 952, Time: 00:03:41

Health: 0/19       AC:  2    Str:  6 (9)  XL:     2   Next: 58%
Magic:  5/5        EV: 12    Int: 12 (15) God:
Gold:   44         SH:  0    Dex:  9 (12) Spells: 4/5 levels left

rFire    . . .     SeeInvis .   h - +0 short sword
rCold    . . .     Gourm    .   (no shield)
rNeg     . . .     Faith    .   a - +0 robe
rPois    .         Spirit   .   (no helmet)
rElec    .         Reflect  .   (no cloak)
rCorr    .         Harm     .   (no gloves)
MR       .....                  (no boots)
Stlth    ++........             (no amulet)
HPRegen  0.06/turn              (no ring)
MPRegen  0.09/turn              (no ring)

@: slow
A: +LOS, swims, slowness 1, strong legs 1
a: Hop


You were on level 2 of the Dungeon.
You were hungry.

You visited 1 branch of the dungeon, and saw 2 of its levels.

You collected 44 gold pieces.

Inventory:

Hand Weapons
 g - a +0 club
 h - a +0 short sword (weapon)
Missiles
 l - 21 stones (quivered)
Armour
 a - a +0 robe (worn)
Jewellery
 i - an uncursed amulet of guardian spirit {unknown}
 m - a cursed amulet of inaccuracy {unknown}
Wands
 f - a wand of scattershot (2)
Scrolls
 d - a scroll of identify {unknown}
 e - 2 scrolls of enchant weapon {unknown}
 j - a scroll of remove curse {unknown}
Potions
 o - a potion of heal wounds {unknown}
Books
 b - a book of Callings

   Spells                             Type                      Level
   a - Summon Small Mammal            Summoning                    1
   b - Call Imp                       Summoning                    2
   c - Call Canine Familiar           Summoning                    3
   d - Summon Guardian Golem          Hexes/Summoning              3
   e - Summon Lightning Spire         Summoning/Air                4
   f - Summon Ice Beast               Ice/Summoning                4
Comestibles
 c - 2 rations


   Skills:
 + Level 2.5 Dodging
 - Level 1.7 Stealth
 + Level 2.4 Spellcasting
 * Level 5.3 Summonings


You had 4 spell levels left.
You knew the following spells:

 Your Spells              Type           Power        Failure   Level  Hunger
a - Summon Small Mammal   Summ           ##..         3%          1    ##.....


Dungeon Overview and Level Annotations

Branches:
Dungeon (2/15)

Altars:


Innate Abilities, Weirdness & Mutations

Shadows flee at your approach. (+LOS)
You can swim through water.
You cover ground slowly.
You can hop short distances.


Message History

Your quokka barely misses the phantom.
The phantom hits your quokka!
Your quokka dies!
Your quokka's corpse disappears in a puff of smoke!
Casting: Summon Small Mammal
Confirm with . or Enter, or press ? or * to list all spells.
Your bat closely misses the phantom.
Your bat barely misses the phantom.
You barely miss the phantom.
The phantom is moderately damaged.
The phantom hits you!
* * * LOW HITPOINT WARNING * * *
Your bat hits the phantom but does no damage.
The phantom misses you.
Things that are here:
23 stones; a giant cockroach corpse Your rat bites the phantom.
The phantom closely misses you. The phantom barely misses you.
Your rat barely misses the phantom.
The phantom hits you.
You die...

.#....##....###
...........## #.......#..#
##.......##.########
.........##..#.....#
...####....#.......# ...
##...........#
.[########..#.....####
#........W@.........#
###.......r..###......# #
###............# #......#
.##...#..........###......#
..........................#
.................###......#
..#.#.#..........# #......#
...#b#...........# #......#
#..(#..........# ########


You could see a phantom and a friendly rat.

Vanquished Creatures
  An adder (D:2)
  2 giant cockroaches
  A hobgoblin (D:1)
  A frilled lizard (D:1)
  A rat (D:1)
6 creatures vanquished.

Vanquished Creatures (collateral kills)
  An adder (D:2)
  A dart slug (D:2)
2 creatures vanquished.

Grand Total: 8 creatures vanquished

Notes
Turn   | Place    | Note
-------+----------+-------------------------------------------
     0 | D:1      | Brecoman the Barachi Summoner began the quest for the Orb.
     0 | D:1      | Reached XP level 1. HP: 13/13 MP: 3/3
   583 | D:2      | Reached skill level 5 in Summonings
   625 | D:2      | Reached XP level 2. HP: 2/19 MP: 0/5
   922 | D:2      | Noticed a phantom
   952 | D:2      | Slain by a phantom

Skill      XL: |  1 |
---------------+----+-----
Summonings     | 5 |  5.3
Dodging        | |  2.5
Stealth        | |  1.7
Spellcasting   | |  2.4

Action                   || total
-------------------------++-------
Melee: Unarmed           ||    23
       Short sword       ||    19
       Club              ||     4
 Cast: Summon Small Mamm ||    17
 Abil: Hop               ||     1
  Use: Potion            ||     2
Armor: Robe              ||     6
Dodge: Dodged            ||    38
